 Dungeon Crawl Stone Soup version 0.26.1-11-gd32895ea62 (webtiles) character file.

Game seed: 8684769772346389112

324685 infcreate the Lord of Darkness (level 20, -22/163 HPs)
             Began as a Demonspawn Necromancer on May 14, 2021.
             Was the Champion of Kikubaaqudgha.
             Blown up by a great orb of eyes (30 damage)
             ... with a disintegration bolt
             ... on level 1 of the Depths.
             The game lasted 03:28:25 (68811 turns).

infcreate the Lord of Darkness (DsNe)              Turns: 68811, Time: 03:28:25

Health: -22/163    AC: 30    Str: 15    XL:     20   Next: 72%
Magic:  38/38      EV: 31    Int: 23    God:    Kikubaaqudgha [******]
Gold:   3468       SH:  0    Dex: 25    Spells: 25/48 levels left

rFire    + . .     SeeInvis +   y - +7 quarterstaff of Suorghan {vorpal, rC+ Dex+3 Stlth-}
rCold    + + .     Faith    .   (shield currently unavailable)
rNeg     . . .     Spirit   .   c - +4 troll leather armour
rPois    .         Reflect  +   (helmet unavailable)
rElec    +         Harm     .   x - scarf {repulsion}
rCorr    .         Rampage  .   k - +2 pair of gloves {Str+3}
Will     +....                  t - +2 pair of boots
Stlth    ..........             p - amulet of reflection
HPRegen  0.77/turn              L - ring of Plog {+Blink rElec Int+3 Dex+6}
MPRegen  0.26/turn              F - ring of protection from fire

@: confused, mighty, agile, constricted, repel missiles
A: antennae 3, icy blue scales 2, cold resistance 1, icemail, powered by pain 3,
freezing cloud immunity
}: 2/15 runes: decaying, serpentine
a: Renounce Religion, Evoke Blink, Receive Corpses, Torment


You were on level 1 of the Depths.
You worshipped Kikubaaqudgha.
Kikubaaqudgha was exalted by your worship.
You visited 8 branches of the dungeon, and saw 37 of its levels.
You also visited: Bailey and Ice Cave.

You collected 4449 gold pieces.
You spent 981 gold pieces at shops.


Innate Abilities, Weirdness & Mutations

You have a pair of large antennae on your head. (SInv)
You are mostly covered in icy blue scales. (AC +3)
Your flesh is cold resistant. (rC+)
A meltable icy envelope protects you from harm. (AC +10)
You are powered by pain.
You are immune to freezing clouds.


   Skills:
 + Level 15.5 Fighting
 + Level 14.3 Staves
 + Level 14.2 Armour
 + Level 16.2 Dodging
 - Level 1.7 Stealth
 + Level 14.6 Spellcasting
 + Level 17.2 Necromancy


You had 25 spell levels left.
You knew the following spells:

 Your Spells              Type           Power        Failure   Level
a - Animate Skeleton      Necr           100%         0%          1
b - Borgnjor's Vile Clut  Necr/Erth      27%          3%          5
d - Animate Dead          Necr           38%          1%          4
n - Dispel Undead         Necr           77%          1%          4
p - Pain                  Necr           100%         0%          1
v - Vampiric Draining     Necr           38%          0%          3
y - Agony                 Necr           77%          1%          5

Your spell library contained the following spells:

 Spells                   Type           Power        Failure   Level
 Sublimation of Blood     Necr           38%          0%          2
 Corpse Rot               Necr/Air       N/A          1%          2
 Excruciating Wounds      Necr           38%          1%          5
 Apportation              Tloc           32%          4%          1
 Foxfire                  Conj/Fire      64%          4%          1
 Magic Dart               Conj           64%          4%          1
 Sandblast                Erth           32%          4%          1
 Shock                    Conj/Air       64%          4%          1
 Sting                    Tmut/Pois      64%          4%          1
 Summon Small Mammal      Summ           64%          4%          1
 Blink                    Tloc           N/A          6%          2
 Call Imp                 Summ           16%          6%          2
 Ensorcelled Hibernation  Hex/Ice        32%          6%          2
 Passwall                 Tmut/Erth      13%          6%          2
 Poisonous Vapours        Pois/Air       32%          6%          2
 Slow                     Hex            16%          6%          2
 Swiftness                Air            16%          6%          2
 Call Canine Familiar     Summ           16%          12%         3
 Conjure Flame            Conj/Fire      16%          12%         3
 Frozen Ramparts          Ice            32%          12%         3
 Gell's Gravitas          Tloc           8%           12%         3
 Ignite Poison            Fire/Tmut/Pois 16%          12%         3
 Lesser Beckoning         Tloc           8%           12%         3
 Mephitic Cloud           Conj/Pois/Air  16%          12%         3
 Portal Projectile        Hex/Tloc       32%          12%         3
 Static Discharge         Conj/Air       16%          12%         3
 Stone Arrow              Conj/Erth      32%          12%         3
 Summon Guardian Golem    Hex/Summ       16%          12%         3
 Teleport Other           Tloc           16%          12%         3
 Tukima's Dance           Hex            16%          12%         3
 Simulacrum               Ice/Necr       27%          19%         6
 Borgnjor's Revivificati  Necr           38%          22%         8
 Infestation              Necr           38%          22%         8
 Airstrike                Air            8%           38%         4
 Cause Fear               Hex            8%           38%         4
 Ice Form                 Ice/Tmut       16%          38%         4
 Olgreb's Toxic Radiance  Pois           16%          38%         4
 Passage of Golubria      Tloc           N/A          38%         4
 Petrify                  Tmut/Erth      16%          38%         4
 Summon Ice Beast         Ice/Summ       16%          38%         4
 Summon Lightning Spire   Summ/Air       16%          38%         4
 Haunt                    Necr/Summ      27%          69%         7
 Alistair's Intoxication  Tmut/Pois      10%          75%         5
 Lee's Rapid Deconstruct  Erth           8%           75%         5
 Lightning Bolt           Conj/Air       8%           75%         5
 Silence                  Hex/Air        8%           75%         5
 Summon Forest            Summ/Tloc      8%           75%         5
 Death's Door             Necr           38%          98%         9
 Freezing Cloud           Conj/Ice/Air   8%           99%         6
 Invisibility             Hex            16%          99%         6
 Ozocubu's Refrigeration  Ice            8%           99%         6
 Shadow Creatures         Summ           N/A          99%         6
 Dragon Form              Tmut           8%           100%        7
 Necromutation            Tmut/Necr      27%          100%        8
 Dragon's Call            Summ           8%           100%        9

Inventory:

Hand Weapons
 u - a +6 lajatang
 y - the +7 quarterstaff of Suorghan (weapon) {vorpal, rC+ Dex+3 Stlth-}
   (You bought it in a shop on level 11 of the Dungeon)

   It inflicts extra damage upon your enemies.
   It affects your dexterity (+3).
   It protects you from cold.
   It makes you less stealthy.
Missiles
 T - 2 throwing nets {=f}
Armour
 a - +0 fire dragon scales
 c - a +4 troll leather armour (worn)
 j - +1 ice dragon scales
 k - a +2 pair of gloves of strength (worn)
 t - a +2 pair of boots (worn)
 x - a scarf of repulsion (worn)
 H - a scarf of shadows
Magical Staves
 V - an uncursed staff of death {!a}
Jewellery
 p - an amulet of reflection (around neck)
 F - a ring of protection from fire (right hand)
 L - the ring of Plog (left hand) {+Blink rElec Int+3 Dex+6}
   (You acquired it on level 3 of the Lair of Beasts)

   [ring of dexterity]

   It affects your intelligence (+3).
   It affects your dexterity (+6).
   It insulates you from electricity.
   It lets you blink.
 O - a +4 ring of protection
 P - an uncursed ring of poison resistance
Wands
 w - a wand of random effects (40)
 D - a wand of digging (13)
 R - a wand of polymorph (8)
Scrolls
 b - 8 scrolls of immolation
 e - 22 scrolls of teleportation {@r4}
 g - 13 scrolls of amnesia
 h - 21 scrolls of identify {@r1}
 m - a scroll of summoning
 o - 5 scrolls of fear
 z - 16 scrolls of remove curse {@r2}
 G - 11 scrolls of fog
 J - 7 scrolls of blinking
 K - 3 scrolls of vulnerability
 N - 4 scrolls of magic mapping
Potions
 d - 9 potions of lignification
 f - a potion of brilliance
 i - 2 potions of ambrosia
 l - 6 potions of heal wounds {@q2}
 n - 8 potions of haste {@q3}
 r - 9 potions of attraction
 s - 12 potions of curing {@q1}
 v - 2 potions of flight
 A - a potion of mutation
 B - 3 potions of cancellation
 E - a potion of resistance
 I - 3 potions of berserk rage {!q}
 M - 2 potions of might
 S - 2 potions of magic
 U - 7 potions of invisibility

Dungeon Overview and Level Annotations

Branches:
Dungeon (15/15)            Temple (1/1) D:6            Lair (6/6) D:9
  Swamp (4/4) Lair:3        Snake (4/4) Lair:2        Slime (0/5) Lair:6
    Orc (2/2) D:10            Elf (0/3) Orc:2        Vaults (4/5) D:14
  Crypt (0/3) Vaults:2     Depths (1/5) D:15         Bailey (visited)
  IceCv (visited)

Altars:
Ashenzari
Cheibriados
Dithmenos
Elyvilon
Fedhas
Gozag
Hepliaklqana
Kikubaaqudgha
Makhleb
Nemelex Xobeh
Okawaru
Qazlal
Ru
Sif Muna
Trog
Uskayaw
Vehumet
Wu Jian
Xom
Yredelemnul
Zin
The Shining One
Beogh
Jiyva

Shops:
D:6 *   D:7 [   D:10 ?   D:11 *([   Orc:2 [*}*   Snake:4 }==**[(=   Vaults:2 [
Vaults:4 (

Portals:
Pandemonium: Orc:2

▒ ### ▒⌠ ##.##
## ... ▒<..# .
....▒▒..###.#
.....▒▒.#.#.##
▒....▒▒)....#
▒....'CX#.##
▒⚑...▒▒@#.......
.....
▒....G..... ....
▒........... ...
▒............ ▒⌠
▒....=....▒▒▒. ▒
▒.........▒▒...
▒.........▒▒.▒▒.
..........▒.▒▒.


You could see a tentacled monstrosity, a great orb of eyes and an ettin.


Message History

The tentacled monstrosity constricts you.
The tentacled monstrosity's grasp on you weakens, but your attempt to escape fails.
The tentacled monstrosity misses you. x2
The tentacled monstrosity completely misses you.
* * * LOW HITPOINT WARNING * * *
The tentacled monstrosity constricts you.
The ettin completely misses you. x2
The tentacled monstrosity's grasp on you weakens, but your attempt to escape fails.
The tentacled monstrosity barely misses you.
The tentacled monstrosity tentacle-slaps you but does no damage.
The tentacled monstrosity misses you.
* * * LOW HITPOINT WARNING * * *
The tentacled monstrosity constricts you!
The ettin hits you with a cursed +0 dire flail!!
* * * LOW HITPOINT WARNING * * *
The ettin completely misses you.
Unknown command.
You feel much better.
The tentacled monstrosity tentacle-slaps you but does no damage.
The tentacled monstrosity misses you. x2
The tentacled monstrosity constricts you.
The ettin hits you with a cursed +0 dire flail!
* * * LOW HITPOINT WARNING * * *
You focus on the pain.
You feel very mighty all of a sudden. The ettin misses you.
The great orb of eyes gazes at you.
You are blasted!
You die...
Kikubaaqudgha rasps: "You have failed me!
Welcome... death!"

Skill      XL: |  1  2  3  4  5  6  7  8  9 10 11 12 13 14 15 16 17 18 19 20 |
---------------+-------------------------------------------------------------+-----
Dodging        | 2 3 4 5 6 7 8 9 10 11 12 14 15 16 | 16.2
Fighting       | 1 2 3 4 5 6 8 9 10 11 12 13 14 15 | 15.5
Staves         | 1 2 3 4 5 6 7 8 9 10 11 12 13 14 | 14.3
Armour         | 1 2 3 5 6 7 8 9 10 11 12 13 14 | 14.2
Necromancy     | 5 6 7 8 10 11 12 13 14 15 16 17 | 17.2
Spellcasting   | 3 4 5 6 7 8 9 10 11 12 13 14 | 14.6
Stealth        | |  1.7

Action                   |  1- 3 |  4- 6 |  7- 9 | 10-12 | 13-15 | 16-18 | 19-21 || total
-------------------------+-------+-------+-------+-------+-------+-------+-------++-------
Melee: Spear             |    35 |    76 |    75 |       |       |       |       ||   186
       Flail             |       |       |    40 |       |       |       |       ||    40
       Halberd           |       |       |    31 |       |       |       |       ||    31
       Quarterstaff      |       |       |   129 |   389 |  1390 |  1658 |   985 ||  4551
       Staff             |       |       |       |       |    47 |       |       ||    47
       Unarmed           |       |       |       |       |       |     2 |       ||     2
 Cast: Pain              |    82 |    85 |   252 |   457 |    73 |     6 |     4 ||   959
       Animate Skeleton  |       |     1 |       |       |       |       |       ||     1
       Vampiric Draining |       |     1 |    12 |    76 |    58 |    34 |    22 ||   203
       Agony             |       |       |     1 |    14 |     2 |     4 |    21 ||    42
       Animate Dead      |       |       |       |     7 |    11 |     6 |     8 ||    32
       Dispel Undead     |       |       |       |    10 |     8 |    13 |    27 ||    58
       Borgnjor's Vile C |       |       |       |    39 |   204 |   277 |   181 ||   701
Invok: Torment           |       |       |       |       |     1 |       |       ||     1
       Receive Necronomi |       |       |       |       |     1 |       |       ||     1
Evoke: Wand              |       |       |       |       |    13 |     1 |       ||    14
  Use: Scroll            |     1 |     8 |     8 |    14 |    14 |    15 |     6 ||    66
       Potion            |       |       |       |       |       |       |     1 ||     1
 Stab: Sleeping          |     2 |     2 |     1 |       |       |       |       ||     5
       Distracted        |       |       |       |       |       |     3 |     3 ||     6
Armor: Robe              |     7 |       |       |       |       |       |       ||     7
       Leather armour    |     5 |    31 |    77 |       |       |       |       ||   113
       Ring mail         |       |       |     8 |   118 |       |       |       ||   126
       Troll leather arm |       |       |       |    50 |   333 |   450 |   205 ||  1038
Dodge: Dodged            |    27 |    59 |   199 |   353 |  1335 |  1564 |   785 ||  4322
       Repelled          |       |       |       |     6 |     8 |    62 |     8 ||    84
Block: Other             |       |    22 |    66 |   105 |   323 |   322 |   145 ||   983
       Reflection        |       |       |     9 |    13 |     1 |    23 |    16 ||    62

Levels and vault maps discovered:
D:1:      eino_arrival_cavern_e, layout_basic, minmay_misc_feat_iff
D:2:      layout_basic, serial_aquarium, aquarium_bridge_square
          [aquarium_subvault_balcony, aquarium_subvault_bridge,
          aquarium_subvault_balcony, aquarium_subvault_bridge],
          aquarium_bridge_island_small [aquarium_subvault_small_water,
          aquarium_subvault_bridge, aquarium_subvault_bridge,
          aquarium_subvault_wall, aquarium_subvault_wall],
          aquarium_window_corridor_1, aquarium_window_1, aquarium_window_2,
          aquarium_window_1, aquarium_view_2a, aquarium_view_2d,
          aquarium_pool_five
D:3:      layout_rooms, uniq_sigmund
D:4:      layout_loops_corners, serial_park_tiny_2, grunt_gozag_breadcrumbs
D:5:      layout_basic, uniq_ijyb
D:6:      layout_layer_cave, minmay_temple_entry_large_hall,
          portal_sewer_entry_e, serial_shops, shop
D:7:      layout_cave_pools, serial_shops, kennysheep_little_box
D:8:      layout_basic, minmay_joined_circles, uniq_pikel, uniq_maurice,
          uniq_harold
D:9:      layout_basic, kennysheep_mini, lair_entry_dummy, enter_bailey_6,
          hangedman_tree_tricks, st_stairs_4, fedhas_bush_and_centaur_altar
D:10:     layout_loops_cross, erik_orc_3, serial_shops, shop,
          grunt_qazlal_clouds
D:11:     layout_stronghold, serial_shops,
          nicolae_shop_temple_entry_statues_fountains, nicolae_shop_stone, shop,
          gammafunk_ghost_hydra_chop, minmay_gold_behind_fungi, uniq_nergalle,
          uniq_fannar, uniq_erolcha
D:12:     layout_roguey, serial_shops, bzr_entry_gold
D:13:     layout_rooms, basic_altar
D:14:     minmay_diamond_stairs, layout_gridville, david_vaults_1,
          serial_bayou_ford_a
D:15:     grunt_enter_depths_snipers, layout_gridville, serial_rivers,
          chequers_serial_rivers_room_a, chequers_serial_rivers_marsh,
          chequers_serial_rivers_large_a, chequers_serial_rivers_room_b,
          portal_ice_cave_entry_pillars_1, st_stairs_11
Temple:   nicolae_temple_the_god_donut
Lair:1:   layout_cave_pods, worms_lemuel, lemuel_fruit_tree, grunt_megastairs_3
Lair:2:   nzn_winding_woodlands_huge [nzn_winding_woodlands_5x15_eye,
          nzn_winding_woodlands_5x15_zeroes,
          nzn_winding_woodlands_5x15_pathside_ponds,
          nzn_winding_woodlands_5x15_river_crossing,
          nzn_winding_woodlands_5x15_cabin,
          nzn_winding_woodlands_5x15_longhouse,
          nzn_winding_woodlands_5x15_pockets, nzn_winding_woodlands_5x15_twine,
          nzn_winding_woodlands_5x15_sidewinder,
          nzn_winding_woodlands_5x15_lazy_stream,
          nzn_winding_woodlands_center_lodge,
          nzn_winding_woodlands_center_triple_pond,
          nzn_winding_woodlands_15x15_five_gardens], layout_cave_pods,
          nicolae_quartered_pool_little, uniq_urug
Lair:3:   layout_regular_city, swamp_mist, nzn_masters_of_martial_movement,
          grunt_megastairs_1, infiniplex_staircase_pool, lemuel_fruit_fields,
          minmay_lair_oklob_chamber
Lair:4:   beast_lair_carwin_large_3, layout_hall_layers
Lair:5:   layout_cave_pods
Lair:6:   minmay_lair_end_frog_pond, layout_cave_pods, slime_altar_1,
          grunt_forest_small_clearing_treed
Swamp:1:  layout_basic_swamp, evilmike_swamp_ruin_house_3, swamp_pool5
Swamp:2:  layout_falls_marsh, nicolae_swamp_trees_clearing
Swamp:3:  layout_basic_swamp, evilmike_swamp_ruin_house_2, swamp_pool3
Swamp:4:  swamp_vile, layout_basic_swamp, swamp_pool1, serial_swamp_ruin,
          evilmike_swamp_ruin_house_6, evilmike_swamp_ruin_rubble_2,
          infiniplex_staircase_pool_2, uniq_kirke
Snake:1:  layout_cave_pods
Snake:2:  layout_onion_interference
Snake:3:  layout_rooms, uniq_louise
Snake:4:  snake_pit, layout_cave_town, serial_shops, shop_statue, shop, shop,
          shop, nicolae_shop_crystal, minmay_shop_grove
Orc:1:    nicolae_orc_accident_1, layout_caves, basic_altar,
          hangedman_minor_magic
Orc:2:    pf_orc_diabolical, layout_caves, maelrawn_ghost_gauntlet_escape
Vaults:1: nicolae_vaults_little_squares_6, nicolae_vaults_disjoint_gnomons,
          nicolae_vaults_triangles, vaults_room_corners, v_misc_12, v_misc_29,
          vaults_dpeg_spiral, vaults_dpeg_encased_lava, hangedman_vaults_unwind,
          nicolae_vaults_rhombus_6, layout_vaults_omnigrid
Vaults:2: v_alt_pattern_2, v_misc_11, grunt_vaults_hallway_short,
          nicolae_vaults_ninety_degrees, ontoclasm_vaults_misaligned, v_misc_25,
          vaults_room_pool, st_check, vaults_standard_mumra_enter_the_diamond,
          minmay_crypt_entry_simple_box, hangedman_vaults_cutoff,
          nicolae_vaults_three_branches, ontoclasm_vaults_ligature,
          nicolae_vaults_circle_grid_a, nicolae_vaults_rhombus_7,
          vaults_room_pool, layout_vaults_omnibox, serial_shops,
          nicolae_shop_window_shopping
Vaults:3: v_pattern_5, vaults_standard_mumra_enter_the_diamond, v_misc_2,
          hangedman_vaults_river_flow, nicolae_vaults_display_case,
          nicolae_vaults_border_crossing, grunt_vaults_twisty,
          vaults_dpeg_doors, ontoclasm_vaults_ring_large,
          vaults_room_fancy_cross, v_alt_pattern_4,
          nicolae_vaults_little_squares_2, layout_vaults_ring
Vaults:4: v_misc_27, nicolae_vaults_diagonal_hallway_8, v_misc_19, v_misc_11,
          vaults_room_large_hall, v_misc_27,
          vaults_standard_mumra_enter_the_diamond, vaults_room_hallway,
          hangedman_vaults_trim, layout_vaults_omnicross, serial_shops,
          nicolae_shop_crystal
Depths:1: minmay_strange_plus, layout_cross, enter_ziggurat_f,
          minmay_misc_feat_five, pf_coc_iceberg, abyss_entry, nzn_life_drinkers

Notes
Turn   | Place    | Note
-------+----------+-------------------------------------------
     0 | D:1      | infcreate the Demonspawn Necromancer began the quest for
                  | the Orb.
     0 | D:1      | Reached XP level 1. HP: 13/13 MP: 3/3
     3 | D:1      | Learned a level 1 spell: Animate Skeleton
   158 | D:1      | Reached skill level 2 in Dodging
   279 | D:1      | Gained mutation: You are partially covered in icy blue
                  | scales. (AC +2) [demonic ancestry]
   279 | D:1      | Reached XP level 2. HP: 19/20 MP: 3/5
   855 | D:1      | Reached skill level 1 in Fighting
  1373 | D:2      | Gained mutation: Your flesh is cold resistant. (rC+)
                  | [demonic ancestry]
  1373 | D:2      | Reached XP level 3. HP: 23/26 MP: 3/6
  1488 | D:2      | Learned a level 3 spell: Vampiric Draining
  1980 | D:2      | Reached skill level 1 in Staves
  2584 | D:2      | Gained mutation: You have a pair of small antennae on your
                  | head. [demonic ancestry]
  2584 | D:2      | Reached XP level 4. HP: 22/32 MP: 0/7
  3075 | D:3      | Noticed Sigmund
  4021 | D:4      | Reached skill level 1 in Armour
  4021 | D:4      | Reached skill level 5 in Necromancy
  4021 | D:4      | Gained mutation: You are immune to freezing clouds.
                  | [demonic ancestry]
  4021 | D:4      | Reached XP level 5. HP: 34/38 MP: 5/9
  4512 | D:4      | Reached skill level 3 in Spellcasting
  4574 | D:4      | Found an opulent altar of Gozag.
  4836 | D:4      | Reached skill level 2 in Fighting
  4988 | D:4      | Reached XP level 6. HP: 27/44 MP: 0/10
  5550 | D:4      | Reached skill level 3 in Dodging
  5828 | D:3      | Killed Sigmund
  5829 | D:3      | Reached skill level 2 in Staves
  5829 | D:3      | Reached skill level 2 in Armour
  5829 | D:3      | Gained mutation: You have a pair of antennae on your head.
                  | [demonic ancestry]
  5829 | D:3      | Reached XP level 7. HP: 43/51 MP: 3/12
  5891 | D:5      | Entered Level 5 of the Dungeon
  5927 | D:5      | Noticed Ijyb
  5941 | D:5      | Killed Ijyb
  5950 | D:5      | Learned a level 4 spell: Animate Dead
  6815 | D:5      | Reached skill level 3 in Fighting
  6908 | D:6      | Found Koageuc's Assorted Antiques.
  6946 | D:5      | HP: 5/52 [poisoned by an orc warrior]
  6952 | D:5      | HP: 4/52 [poisoned by an orc warrior]
  6960 | D:5      | HP: 3/52 [poisoned by an orc warrior]
  7893 | D:6      | Reached skill level 3 in Staves
  7893 | D:6      | Reached skill level 4 in Spellcasting
  7893 | D:6      | Reached skill level 6 in Necromancy
  8008 | D:6      | Reached skill level 3 in Armour
  8008 | D:6      | Reached skill level 4 in Dodging
  8008 | D:6      | Reached XP level 8. HP: 41/58 MP: 8/14
  8350 | D:6      | Found a staircase to the Ecumenical Temple.
  8383 | Temple   | Entered the Ecumenical Temple
  8423 | Temple   | Became a worshipper of Kikubaaqudgha
  8907 | D:6      | Reached skill level 4 in Fighting
  9849 | D:7      | Reached skill level 4 in Staves
 10130 | D:7      | Reached * piety under Kikubaaqudgha
 10130 | D:7      | Identified Kikubaaqudgha's Almanac of Dark Magic
                  | (Kikubaaqudgha gifted it to you on level 7 of the Dungeon)
 10130 | D:7      | Received a gift from Kikubaaqudgha
 10131 | D:7      | Gained mutation: You sometimes gain a little power by
                  | taking damage. [demonic ancestry]
 10131 | D:7      | Reached XP level 9. HP: 55/66 MP: 7/16
 10141 | D:7      | Learned a level 5 spell: Agony
 10200 | D:7      | Reached skill level 4 in Armour
 10271 | D:7      | Reached skill level 5 in Spellcasting
 10271 | D:7      | Reached skill level 7 in Necromancy
 10364 | D:7      | Found Qynaetet's Armour Shoppe.
 10412 | D:7      | Bought a +0 pair of gloves for 54 gold pieces
 10448 | D:7      | Reached skill level 5 in Dodging
 10748 | D:7      | Reached skill level 5 in Fighting
 11299 | D:8      | Noticed a two-headed ogre
 11562 | D:8      | Noticed a two-headed ogre
 11562 | D:8      | Noticed Pikel
 11605 | D:8      | Killed Pikel
 11689 | D:8      | Reached skill level 5 in Staves
 11852 | D:8      | Noticed Harold
 11863 | D:8      | Noticed Maurice
 12056 | D:8      | Killed Maurice
 12057 | D:8      | Reached skill level 5 in Armour
 12057 | D:8      | Gained mutation: You sometimes gain power by taking damage.
                  | [demonic ancestry]
 12057 | D:8      | Reached XP level 10. HP: 74/76 MP: 6/18
 12145 | D:8      | Reached ** piety under Kikubaaqudgha
 12205 | D:8      | Reached skill level 8 in Necromancy
 12459 | D:8      | Killed a two-headed ogre
 12460 | D:8      | Reached skill level 6 in Fighting
 12460 | D:8      | Reached skill level 6 in Dodging
 12460 | D:8      | Reached skill level 6 in Spellcasting
 12927 | D:8      | Killed Harold
 13334 | D:8      | Killed a two-headed ogre
 13514 | D:9      | Found a flagged portal.
 13545 | D:9      | Reached skill level 6 in Staves
 13555 | Bailey   | Entered a bailey
 13649 | Bailey   | Reached *** piety under Kikubaaqudgha
 13649 | Bailey   | Identified Kikubaaqudgha's Tome of Evil (Kikubaaqudgha
                  | gifted it to you in a bailey)
 13649 | Bailey   | Received a gift from Kikubaaqudgha
 13667 | Bailey   | Learned a level 4 spell: Dispel Undead
 13763 | Bailey   | Noticed an orc knight
 13766 | Bailey   | Noticed an orc knight
 13785 | Bailey   | Noticed an orc knight
 14206 | Bailey   | Killed an orc knight
 14514 | Bailey   | Killed an orc knight
 14515 | Bailey   | Reached skill level 6 in Armour
 14515 | Bailey   | Reached XP level 11. HP: 65/83 MP: 2/21
 14642 | Bailey   | Killed an orc knight
 14643 | Bailey   | Reached skill level 9 in Necromancy
 14962 | D:9      | Noticed a two-headed ogre
 14980 | D:9      | Killed a two-headed ogre
 14981 | D:9      | Reached skill level 7 in Fighting
 14981 | D:9      | Reached skill level 7 in Spellcasting
 15164 | D:9      | Reached skill level 7 in Dodging
 15540 | D:9      | Learned a level 5 spell: Borgnjor's Vile Clutch
 15602 | D:9      | Found a staircase to the Lair.
 15648 | D:9      | Found a blossoming altar of Fedhas.
 16076 | D:9      | Found an opulent altar of Gozag.
 16896 | D:9      | Found a blossoming altar of Fedhas.
 16898 | D:9      | Noticed an oklob plant
 16899 | D:9      | Noticed an oklob plant
 17556 | D:10     | Entered Level 10 of the Dungeon
 17708 | D:10     | Noticed a two-headed ogre
 17713 | D:10     | Killed a two-headed ogre
 17812 | D:10     | Found Ocisiany's Magic Scroll Boutique.
 17821 | D:10     | Bought a scroll of magic mapping for 52 gold pieces
 18023 | D:10     | Found a stormy altar of Qazlal.
 18358 | D:10     | Reached **** piety under Kikubaaqudgha
 18439 | D:10     | Found a staircase to the Orcish Mines.
 18871 | D:11     | You fall into a shaft and drop 3 floors!
 18891 | D:13     | Noticed a deep elf mage
 19107 | D:14     | Killed a deep elf mage
 19228 | D:13     | Reached skill level 7 in Staves
 19408 | D:13     | Noticed an unseen horror
 19413 | D:13     | Killed an unseen horror
 19496 | D:13     | Reached skill level 7 in Armour
 19631 | D:12     | Reached skill level 8 in Fighting
 19647 | D:12     | Noticed a two-headed ogre
 19819 | D:12     | Killed a two-headed ogre
 19820 | D:12     | Reached skill level 10 in Necromancy
 19820 | D:12     | Gained mutation: You have a pair of large antennae on your
                  | head. (SInv) [demonic ancestry]
 19820 | D:12     | Reached XP level 12. HP: 82/92 MP: 8/23
 20011 | D:11     | Noticed Nergalle
 20022 | D:11     | Killed Nergalle
 20608 | D:11     | Noticed a five-headed hydra
 20804 | D:11     | Noticed Fannar
 20815 | D:10     | Killed Fannar
 20816 | D:10     | Reached skill level 8 in Dodging
 20816 | D:10     | Reached skill level 8 in Spellcasting
 21079 | D:11     | Killed a five-headed hydra
 21243 | D:11     | Noticed Erolcha
 21279 | D:11     | Killed Erolcha
 21456 | D:11     | Found Gokhits's Assorted Antiques.
 21463 | D:11     | Bought a scroll of enchant armour for 217 gold pieces
 21600 | D:11     | Found Ridghozxe's Armour Emporium.
 21697 | D:11     | Found a runed translucent gate.
 21697 | D:11     | Found a runed translucent gate.
 21697 | D:11     | Found a runed translucent gate.
 21699 | D:11     | Noticed a ten-headed hydra
 21699 | D:11     | Noticed teslan's ghost (journeyman MiBe)
 21699 | D:11     | Noticed an 11-headed hydra
 21788 | D:11     | Found Woybifu's Weapon Boutique.
 22449 | D:11     | Bought the +7 quarterstaff of Suorghan {vorpal, rC+ Dex+3
                  | Stlth-} for 658 gold pieces
 22517 | Lair:1   | Entered Level 1 of the Lair of Beasts
 22608 | Lair:1   | Noticed a six-headed hydra
 22624 | Lair:1   | Killed a six-headed hydra
 22924 | Lair:1   | You fall into a shaft and drop 1 floor!
 22946 | Lair:2   | Reached skill level 8 in Staves
 23322 | Lair:1   | Reached skill level 9 in Fighting
 23324 | Lair:1   | Reached skill level 8 in Armour
 23814 | Lair:1   | Reached ***** piety under Kikubaaqudgha
 24007 | Lair:1   | Got a pitted pewter ring
 24020 | Lair:1   | Identified the cursed ring "Lann" {rF+ EV-4} (You found it
                  | on level 1 of the Lair of Beasts)
 24380 | Lair:2   | Noticed Urug
 24391 | Lair:2   | Killed Urug
 24430 | Lair:2   | Reached skill level 11 in Necromancy
 24430 | Lair:2   | Reached XP level 13. HP: 90/101 MP: 18/25
 25110 | Lair:2   | Reached skill level 9 in Dodging
 25143 | Lair:2   | Reached skill level 9 in Spellcasting
 26449 | Lair:3   | Got a twisted chain mail
 26455 | Lair:3   | Identified a scroll of acquirement
 26455 | Lair:3   | Acquired the ring of Plog {+Blink rElec Int+3 Dex+6}
 26692 | Lair:3   | Identified the cursed +1 chain mail "Betoex" {rC+ Str+3}
                  | (You found it on level 3 of the Lair of Beasts)
 26846 | Lair:3   | HP: 3/103 [acid (11)]
 26848 | Lair:3   | Reached skill level 9 in Staves
 27052 | Lair:3   | Found a hide-covered altar of Uskayaw.
 27053 | Lair:3   | Found an ornate altar of the Wu Jian Council.
 27358 | Lair:3   | Reached skill level 9 in Armour
 27782 | Lair:3   | Found a staircase to the Swamp.
 27829 | Lair:2   | Found a staircase to the Snake Pit.
 27862 | Lair:2   | Reached skill level 10 in Fighting
 29020 | Lair:4   | Gained mutation: You are powered by pain. [demonic
                  | ancestry]
 29020 | Lair:4   | Reached XP level 14. HP: 110/110 MP: 16/27
 29747 | Lair:3   | Reached skill level 12 in Necromancy
 31065 | Lair:5   | Reached skill level 10 in Dodging
 31610 | Lair:6   | Entered Level 6 of the Lair of Beasts
 31618 | Lair:6   | Reached skill level 10 in Spellcasting
 31690 | Lair:5   | Reached ****** piety under Kikubaaqudgha
 31697 | Lair:5   | Received a gift from Kikubaaqudgha
 32579 | Lair:6   | Reached skill level 10 in Staves
 32607 | Lair:6   | Found a staircase to the Slime Pits.
 32609 | Lair:6   | Found a viscous altar of Jiyva.
 33078 | Lair:6   | Reached skill level 10 in Armour
 33159 | Lair:6   | Reached skill level 11 in Fighting
 34018 | Lair:6   | Reached XP level 15. HP: 105/118 MP: 13/29
 34905 | Orc:1    | Entered Level 1 of the Orcish Mines
 35261 | Orc:1    | Found a roughly hewn altar of Beogh.
 35549 | Orc:2    | Entered Level 2 of the Orcish Mines
 36722 | Orc:2    | Noticed kalagan's ghost (journeyman DECj)
 36792 | Orc:2    | Found a runed translucent gate.
 36792 | Orc:2    | Found a runed translucent gate.
 36792 | Orc:2    | Found a runed translucent gate.
 37049 | Orc:2    | Reached skill level 13 in Necromancy
 37081 | Orc:2    | Found Esecunta's General Store.
 37357 | Orc:2    | Found Ziet's General Store.
 37888 | Orc:2    | Paralysed by an orc sorcerer for 2 turns
 37990 | Orc:2    | Reached skill level 11 in Dodging
 38043 | Orc:2    | Reached skill level 11 in Spellcasting
 38416 | Orc:2    | Found a staircase to the Elven Halls.
 38665 | Orc:2    | Found Cebikhym's Antique Armour Shop.
 38665 | Orc:2    | Found Urifoab's Gadget Boutique.
 38666 | Orc:2    | Found a one-way gate leading to the halls of Pandemonium.
 38833 | Orc:2    | Killed kalagan's ghost
 39086 | D:11     | Killed teslan's ghost
 40734 | D:13     | Found a sacrificial altar of Ru.
 41122 | D:14     | Identified the cursed +1 whip of Cocytus {flame, rPois
                  | Int+5 SInv}
 41666 | D:14     | Found a gate to the Vaults.
 41678 | D:14     | Reached skill level 11 in Staves
 41987 | D:15     | Entered Level 15 of the Dungeon
 42021 | D:15     | Reached skill level 12 in Fighting
 42021 | D:15     | Gained mutation: A meltable icy envelope protects you from
                  | harm. (AC +10) [demonic ancestry]
 42021 | D:15     | Reached XP level 16. HP: 126/127 MP: 25/31
 42087 | D:15     | Found a frozen archway.
 42095 | IceCv    | Entered an ice cave
 42438 | IceCv    | Reached skill level 11 in Armour
 42723 | IceCv    | Reached skill level 12 in Dodging
 42849 | IceCv    | Identified Sif Muna's Reference Book on the Frostbite
 42855 | IceCv    | Identified the Incunabulum of Orientation and Evil Secrets
 43601 | D:15     | Reached skill level 14 in Necromancy
 44038 | D:15     | Found a staircase to the Depths.
 45109 | Swamp:1  | Entered Level 1 of the Swamp
 46675 | Swamp:2  | Reached skill level 12 in Spellcasting
 47785 | Swamp:4  | Entered Level 4 of the Swamp
 48200 | Swamp:4  | Noticed Kirke
 48217 | Swamp:4  | Killed Kirke
 48218 | Swamp:4  | Gained mutation: You are mostly covered in icy blue scales.
                  | (AC +3) [demonic ancestry]
 48218 | Swamp:4  | Reached XP level 17. HP: 135/135 MP: 28/33
 48426 | Swamp:4  | Reached skill level 13 in Dodging
 49360 | Swamp:4  | Noticed a tentacled monstrosity
 49373 | Swamp:4  | Killed a tentacled monstrosity
 49374 | Swamp:4  | Reached skill level 12 in Staves
 49402 | Swamp:4  | Reached skill level 13 in Fighting
 49786 | Swamp:4  | Got a decaying rune of Zot
 50564 | Snake:1  | Entered Level 1 of the Snake Pit
 50767 | Snake:1  | Reached skill level 12 in Armour
 51945 | Snake:1  | Reached skill level 15 in Necromancy
 52783 | Snake:3  | Reached skill level 14 in Dodging
 53125 | Snake:3  | Noticed Louise
 53154 | Snake:3  | Killed Louise
 53667 | Snake:3  | Reached XP level 18. HP: 131/144 MP: 29/34
 54157 | Snake:4  | Entered Level 4 of the Snake Pit
 54253 | Snake:4  | Found Futzabei's Gadget Emporium.
 54253 | Snake:4  | Found Asya's Jewellery Boutique.
 54255 | Snake:4  | Found Qodaw's Jewellery Boutique.
 54380 | Snake:4  | Found Uwnyuj's Assorted Antiques.
 54422 | Snake:4  | Found Ofoumnac's Jewellery Shop.
 54496 | Snake:4  | Found Cysar's Assorted Antiques.
 54498 | Snake:4  | Found Fihif's Antique Armour Boutique.
 54541 | Snake:4  | Found Isaefakh's Weapon Shop.
 55138 | Snake:4  | Reached skill level 13 in Spellcasting
 56778 | Snake:4  | Reached skill level 14 in Fighting
 56846 | Snake:4  | Got a serpentine rune of Zot
 57457 | Vaults:1 | Entered Level 1 of the Vaults
 57512 | Vaults:1 | Reached skill level 15 in Dodging
 57638 | D:14     | Reached skill level 13 in Staves
 58296 | Vaults:1 | Reached skill level 13 in Armour
 59177 | Vaults:1 | Reached skill level 16 in Necromancy
 59258 | Vaults:1 | Reached XP level 19. HP: 152/152 MP: 31/36
 59317 | Vaults:1 | Paralysed by an ogre mage for 4 turns
 60289 | Vaults:2 | Found Toffeyg's Armour Shoppe.
 60431 | Vaults:2 | Found a staircase to the Crypt.
 61942 | Vaults:2 | Identified a potion of resistance
 63505 | Vaults:3 | Reached skill level 14 in Spellcasting
 63706 | Vaults:3 | Got a scorched bone amulet
 63740 | Vaults:3 | Identified the amulet of the Final Decision {RegenMP rN+
                  | Str-4 Stlth+} (You found it on level 3 of the Vaults)
 63847 | Vaults:3 | Got a transparent bone ring
 63848 | Vaults:3 | Identified the ring "Jamazi Ufal" {Fire +Blink Int-4
                  | Stlth+} (You found it on level 3 of the Vaults)
 64858 | Vaults:3 | Reached skill level 15 in Fighting
 64864 | Vaults:3 | Reached XP level 20. HP: 162/162 MP: 19/38
 65569 | Vaults:3 | Reached skill level 16 in Dodging
 65684 | Vaults:3 | Reached skill level 14 in Staves
 66708 | Vaults:4 | Reached skill level 14 in Armour
 66758 | Vaults:4 | Reached skill level 17 in Necromancy
 66790 | Vaults:4 | Paralysed by an ogre mage for 7 turns
 66797 | Vaults:4 | HP: 5/162 [ogre/+0 giant spiked club (15)]
 67244 | Vaults:4 | Found Bydym's Antique Weapon Shoppe.
 68760 | Depths:1 | Entered Level 1 of the Depths
 68767 | Depths:1 | Found a glowing golden altar of the Shining One.
 68810 | Depths:1 | HP: 1/163 [ettin/cursed +0 dire flail (28)]
 68811 | Depths:1 | Blown up by a great orb of eyes

Vanquished Creatures
  A tentacled monstrosity (Swamp:4)
  A sphinx (Vaults:3)
  Kirke (Swamp:4)
  A storm dragon (Vaults:4)
  8 nagarajas
  A fire giant (Vaults:2)
  A deep elf sorcerer (Vaults:3)
  2 frost giants
  7 vault wardens
  Louise (Snake:3)
  7 very ugly things
  14 ironheart preservers
  3 vampire knights
  2 stone giants
  The ghost of kalagan the Thaumaturge, a journeyman DECj of Sif Muna (Orc:2)
  A deep elf demonologist (Vaults:3)
  An entropy weaver (Vaults:4)
  4 bunyips
  A dire elephant (Lair:3)
  A minotaur (Orc:2)
  2 green deaths (Swamp:4)
  2 eidola (Vaults:2)
  An ettin (Vaults:4)
  4 eleionomae
  A vault guard (Vaults:3)
  8 yaktaur captains
  12 ogre magi
  A great orb of eyes (Vaults:3)
  3 fire dragons
  The ghost of teslan the Cleaver, a journeyman MiBe of Trog (D:11)
  20 slime creatures
  Erolcha (D:11)
  Harold (D:8)
  Fannar (D:10)
  11 naga warriors
  4 boulder beetles
  5 ice dragons
  20 hydras
  10 anacondas
  A catoblepas (Lair:5)
  5 alligators
  A death knight (Vaults:1)
  7 centaur warriors
  45 two-headed ogres
  Urug (Lair:2)
  7 orc high priests (Orc:2)
  2 death yaks
  A tengu warrior (D:15)
  6 shock serpents
  Nergalle (D:11)
  5 deep elf knights
  8 naga sharpshooters
  A storm dragon zombie (Vaults:3)
  A soul eater (Orc:2)
  4 salamander mystics
  A shadow wraith (Vaults:3)
  A fire crab (shapeshifter) (Vaults:2)
  A flayed ghost (Vaults:3)
  4 goliath frogs
  5 unseen horrors
  9 deep trolls
  6 naga ritualists
  2 glowing orange brains
  2 infernal demonspawn (Orc:2)
  A torturous demonspawn (Orc:2)
  10 ironbrand convokers
  A spriggan druid (Swamp:1)
  4 wizards
  A tengu zombie (Vaults:3)
  4 phantasmal warriors
  A harpy (shapeshifter) (D:14)
  5 swamp dragons (Swamp:4)
  Pikel (D:8)
  4 bog bodies (Swamp:4)
  4 deep elf archers (Vaults:3)
  An orb spider (shapeshifter) (Vaults:2)
  3 wolf spiders
  22 orc knights
  19 deep elf magi
  2 necromancers
  4 oklob plants
  A tengu skeleton (Vaults:2)
  9 mana vipers
  5 orc sorcerers
  A sphinx skeleton (Vaults:3)
  A human zombie (Vaults:2)
  A manticore (D:13)
  4 cyclopes
  32 ugly things
  2 will-o-the-wisps
  14 salamanders
  33 elephants
  An ice statue (IceCv)
  A human skeleton (Vaults:2)
  Maurice (D:8)
  34 black mambas
  5 orange demons
  2 gargoyles
  8 vault sentinels
  21 naga magi
  31 cane toads
  29 yaktaurs
  3 rime drakes
  2 freezing wraiths (Vaults:3)
  11 komodo dragons
  A hellwing (Orc:2)
  7 trolls
  2 bloated husks (Swamp:2)
  15 polar bears (IceCv)
  11 tyrant leeches
  6 hornets
  A merfolk (shapeshifter) (Vaults:2)
  7 dream sheep
  35 blink frogs
  A stone giant simulacrum (Vaults:3)
  Sigmund (D:3)
  3 spriggans
  A large abomination (Swamp:4)
  2 redbacks (Vaults:4)
  A redback (shapeshifter) (Vaults:3)
  2 shadows (Swamp:4)
  2 vampires (D:14)
  A ynoxinul (Orc:2)
  A tarantella (shapeshifter) (Vaults:2)
  7 wyverns
  A yak (shapeshifter) (D:15)
  7 wraiths
  4 basilisks
  2 hogs (shapeshifter)
  4 hogs (Swamp:4)
  58 yaks
  10 vampire mosquitoes
  A yaktaur simulacrum (Vaults:3)
  2 steam dragons
  8 wargs
  25 nagas
  2 soldier ants
  14 swamp worms
  22 water moccasins
  An acid dragon (Vaults:1)
  A meliai simulacrum (D:15)
  52 orc warriors
  A sky beast (D:12)
  7 swamp drakes
  3 ice beasts
  3 black bears
  A phantom (D:7)
  A boulder beetle simulacrum (Vaults:1)
  38 ogres
  A necrophage (D:6)
  6 centaurs
  A boggart (Vaults:3)
  19 wolves
  6 big kobolds
  45 bullfrogs
  A big kobold (shapeshifter) (D:14)
  A wyvern zombie (D:14)
  A water moccasin zombie (D:8)
  3 scorpions
  A scorpion (shapeshifter) (Vaults:1)
  6 killer bees (D:9)
  4 electric eels
  12 wights
  A crimson imp (Orc:1)
  3 centaur zombies
  3 howler monkeys
  A bullfrog zombie (D:13)
  8 hounds
  3 human simulacra
  2 jellies
  33 orc priests
  22 orc wizards
  3 bullfrog skeletons
  An iron imp (Orc:1)
  5 centaur skeletons
  5 iguanas
  Ijyb (D:5)
  5 hell rats (Lair:3)
  5 worker ants
  A killer bee zombie (D:8)
  A hound zombie (D:6)
  A hound skeleton (D:7)
  A worker ant zombie (D:9)
  10 adders
  4 gnolls (D:5)
  2 river rats (D:6)
  2 shadow imps
  3 white imps
  3 ufetubi (D:6)
  5 adder skeletons
  4 worms (D:2)
  A dart slug (D:1)
  3 leopard geckos
  123 orcs
  6 bats
  7 giant cockroaches
  8 goblins
  8 hobgoblins
  21 jackals
  36 kobolds
  6 quokkas
  4 ball pythons
  6 frilled lizards
  A jackal skeleton (D:4)
  2 leopard gecko skeletons
  16 rats
  A butterfly (Lair:3)
1502 creatures vanquished.

Vanquished Creatures (collateral kills)
  A nagaraja (Snake:4)
  A deep elf annihilator (Vaults:3)
  A deep troll (Vaults:4)
  A naga ritualist (Snake:4)
  An ugly thing (Vaults:1)
  An elephant (Lair:5)
  A cane toad (Lair:6)
  A hornet (Vaults:4)
  A blink frog (Lair:6)
  2 yaks (Lair:5)
  A soldier ant (D:13)
  A water moccasin (Lair:5)
  A wyvern zombie (D:13)
  A howler monkey (D:9)
  A bullfrog skeleton (D:9)
  An orc (Orc:1)
17 creatures vanquished.

Vanquished Creatures (others)
  A thrashing horror (Swamp:4)
  4 bloated husks
  A blink frog (Lair:2)
  2 humans (Swamp:4)
  A wolf (IceCv)
  A kobold (D:10)
  14 foxfires
  27 fungi
  131 plants
  3 toadstools (D:11)
185 creatures vanquished.

Grand Total: 1704 creatures vanquished

Table legend: (Time is in decaauts)
 A = Elapsed time spent in this place.
 B = Non-inter-level travel time spent in this place.
 C = Inter-level travel time spent in this place.
 D = Time resting spent in this place.
 E = Time spent auto-exploring this place.
 F = Levels seen in this place.
 G = Mean time per level.
                   A        B        C        D        E       F      G
               +--------+--------+--------+--------+--------+-----+--------+
         Total |  68248 |  64583 |   3665 |   7159 |  43363 |  39 | 1749.9 |
       Dungeon |  26891 |  25190 |   1701 |   2944 |  17634 |  15 | 1792.7 |
        Temple |     56 |     41 |     15 |      0 |     33 |   1 |   56.0 |
          Lair |  13047 |  12007 |   1040 |   1751 |   7545 |   6 | 2174.5 |
         Swamp |   5144 |   4869 |    275 |    322 |   3520 |   4 | 1286.0 |
     Snake Pit |   6249 |   6055 |    194 |    769 |   3851 |   4 | 1562.2 |
  Orcish Mines |   3974 |   3866 |    108 |    529 |   2325 |   2 | 1987.0 |
        Vaults |  10644 |  10314 |    330 |    533 |   7273 |   4 | 2661.0 |
        Depths |     47 |     47 |      0 |      5 |     15 |   1 |   47.0 |
        Bailey |   1329 |   1329 |      0 |    300 |    749 |   1 | 1329.0 |
      Ice Cave |    861 |    861 |      0 |      4 |    418 |   1 |  861.0 |
               +--------+--------+--------+--------+--------+-----+--------+

Top non-repeatable levels by time:
Vaults:3: 3402 daAuts
     D:9: 3276 daAuts
 Snake:4: 2735 daAuts
  Lair:2: 2673 daAuts
Vaults:2: 2550 daAuts
Vaults:1: 2516 daAuts
   Orc:2: 2497 daAuts
     D:6: 2491 daAuts
  Lair:3: 2404 daAuts
  Lair:5: 2398 daAuts
 Swamp:4: 2343 daAuts
    D:11: 2239 daAuts
Vaults:4: 2175 daAuts
  Lair:6: 2139 daAuts
     D:8: 2084 daAuts

Table legend:
 A = Non-vault XP
 B = Vault XP
 C = Vault XP percentage of total XP
 D = Non-vault monster count
 E = Vault monster count
 F = Vault count percentage of total count
                 A         B        C        D         E       F
            +---------+---------+-------+---------+---------+-------
      Total |  287117 |  267096 |  48.2 |     944 |     579 |  38.0
            +---------+---------+-------+---------+---------+-------
        D:1 |      37 |       0 |   0.0 |      22 |       0 |   0.0
        D:2 |      76 |       0 |   0.0 |      25 |       0 |   0.0
        D:3 |      41 |     227 |  84.7 |      23 |       1 |   4.2
        D:4 |     355 |       0 |   0.0 |      22 |       0 |   0.0
        D:5 |     281 |      36 |  11.4 |      13 |       1 |   7.1
        D:6 |    1529 |      59 |   3.7 |      28 |       8 |  22.2
        D:7 |    1277 |       0 |   0.0 |      42 |       0 |   0.0
        D:8 |    2437 |    3305 |  57.6 |      46 |       9 |  16.4
        D:9 |    3447 |    1436 |  29.4 |      39 |       6 |  13.3
       D:10 |    1895 |    1233 |  39.4 |      19 |      14 |  42.4
       D:11 |    3457 |    4826 |  58.3 |      22 |       5 |  18.5
       D:12 |    5727 |       0 |   0.0 |      23 |       0 |   0.0
       D:13 |    6138 |       0 |   0.0 |      28 |       0 |   0.0
       D:14 |   10936 |    5943 |  35.2 |      34 |       8 |  19.0
       D:15 |   13061 |    5251 |  28.7 |      33 |       6 |  15.4
     Lair:1 |    3543 |    1660 |  31.9 |      14 |       8 |  36.4
     Lair:2 |    5542 |   11849 |  68.1 |      25 |      40 |  61.5
     Lair:3 |    8400 |    5373 |  39.0 |      33 |      11 |  25.0
     Lair:4 |    4489 |    3279 |  42.2 |      11 |       7 |  38.9
     Lair:5 |   13653 |    5365 |  28.2 |      34 |      18 |  34.6
     Lair:6 |    9558 |    8313 |  46.5 |      28 |      34 |  54.8
    Swamp:1 |    9015 |     404 |   4.3 |      18 |       3 |  14.3
    Swamp:2 |    5228 |       0 |   0.0 |       9 |       0 |   0.0
    Swamp:3 |    7037 |       0 |   0.0 |      11 |       0 |   0.0
    Swamp:4 |    7332 |   24335 |  76.8 |      23 |      33 |  58.9
    Snake:1 |   16517 |       0 |   0.0 |      32 |       0 |   0.0
    Snake:2 |   12100 |       0 |   0.0 |      21 |       0 |   0.0
    Snake:3 |   22496 |    1649 |   6.8 |      37 |       1 |   2.6
    Snake:4 |   10730 |   32244 |  75.0 |      16 |      45 |  73.8
      Orc:1 |    2106 |    2496 |  54.2 |      21 |      19 |  47.5
      Orc:2 |    2026 |   20028 |  90.8 |      24 |      68 |  73.9
   Vaults:1 |   23874 |   19448 |  44.9 |      48 |      28 |  36.8
   Vaults:2 |   16000 |   27099 |  62.9 |      34 |      37 |  52.1
   Vaults:3 |   28977 |   40286 |  58.2 |      42 |      63 |  60.0
   Vaults:4 |   27800 |   23997 |  46.3 |      44 |      37 |  45.7
   Depths:1 |       0 |    1355 | 100.0 |       0 |       1 | 100.0
     Bailey |       0 |    2140 | 100.0 |       0 |      13 | 100.0
      IceCv |       0 |   13460 | 100.0 |       0 |      55 | 100.0
            +---------+---------+-------+---------+---------+-------
